 Dungeon Crawl Stone Soup version 0.29.1-15-g9cfb28693d (webtiles) character file.

Game seed: 15870540520937591622

28 hawla the Firebug (level 3, 0/26 HPs)
             Began as a Meteoran Fire Elementalist on Mar 18, 2023.
             Slain by an orc priest
             ... wielding a +1 short sword of speed
              (2 damage)
             ... on level 3 of the Dungeon.
             The game lasted 00:03:01 (513 turns).

hawla the Firebug (Meteoran Fire Elementalist)       Turns: 513, Time: 00:03:01

Health: 0/26       AC:  6    Str:  9    XL:     3   Next: 47%
Magic:  6/9        EV: 12    Int: 19    God:
Gold:   25         SH:  0    Dex: 14    Spells: 6/9 levels left

rFire   . . .      SeeInvis .   j - staff of cold
rCold   + . .      Faith    .   (no shield)
rNeg    . . .      Spirit   .   k - +0 steam dragon scales
rPois   .          Reflect  .   (no helmet)
rElec   .          Harm     .   c - +0 cloak
rCorr   .          Rampage  .   (no gloves)
Will    .....                   (no boots)
Stlth   +.........              d - amulet of regeneration
HPRegen 0.88/turn               (no ring)
MPRegen 0.11/turn               (no ring)

@: very slightly contaminated, glowing
A: sense surroundings 1, otherworldly, glowing, explore regen
a: no special abilities


You were on level 3 of the Dungeon.
You visited 1 branch of the dungeon, and saw 3 of its levels.

You collected 25 gold pieces.

Inventory:

Armour
 c - a +0 cloak (worn)
 k - +0 steam dragon scales (worn)
Magical Staves
 j - a staff of cold (weapon)
Jewellery
 d - an amulet of regeneration (around neck)
Scrolls
 i - a scroll of enchant armour {unknown}
 l - a scroll of vulnerability {unknown}
Potions
 a - a potion of might {unknown}
 b - a potion of magic
 e - 4 potions of curing {unknown}
 f - a potion of brilliance {unknown}
 g - a potion of lignification {unknown}
 h - a potion of invisibility {unknown}


   Skills:
 - Level 2.5 Dodging
 - Level 1.4 Stealth
 - Level 3.5 Spellcasting
 - Level 1.3 Conjurations
 - Level 4.2 Fire Magic
 + Level 0.5 Ice Magic
 + Level 0.5 Evocations


You had 6 spell levels left.
You knew the following spells:

 Your Spells              Type           Power      Damage    Failure   Level
a - Foxfire               Conj/Fire      52%        2x1d6     4%          1
b - Scorch                Fire           38%        2d7       4%          2

Your spell library contained the following spells:

 Spells                   Type           Power      Damage    Failure   Level
 Necrotise                Necr           12%        1d4       14%         1
 Conjure Flame            Conj/Fire      13%        6-21      14%         3
 Inner Flame              Hex/Fire       11%        N/A       19%         3
 Vampiric Draining        Necr           3%         2d6       41%         3
 Flame Wave               Conj/Fire      13%        2d6       43%         4
 Agony                    Necr           3%         N/A       99%         5


Dungeon Overview and Level Annotations

Branches:
Dungeon (3/15) Zot: 1287

Altars:
Zin


Innate Abilities, Weirdness & Mutations

You passively map a small area around you.
You are easily found by Zot.
You glow in the dark.
You regain HP and MP as you explore.


Message History

You conjure some foxfire!
Casting: Foxfire (safe; 4% risk of failure)
Confirm with . or Enter, or press ? or * to list all spells.
You miscast Scorch.
You are very lightly contaminated with residual magic.
Nothing appears to happen.
The foxfire hits the orc.
The orc is heavily wounded.
The foxfire hits the orc.
The orc is almost dead.
Casting: Scorch (safe; 4% risk of failure)
Confirm with . or Enter, or press ? or * to list all spells.
Flames lash the orc priest.
The orc priest is moderately wounded.
The orc priest's fire resistance burns away.
The orc priest calls upon Beogh to heal the orc.
The orc is healed somewhat.
The orc closely misses you.
Casting: Scorch (safe; 4% risk of failure)
Confirm with . or Enter, or press ? or * to list all spells.
Flames lash the orc.
You kill the orc!
The orc barely misses you.
Unknown command.
Magic courses through your body. The orc closely misses you.
The orc priest calls down the wrath of Beogh upon you.
Beogh smites you!
Ouch! That really hurt!
Casting: Scorch (safe; 4% risk of failure)
Confirm with . or Enter, or press ? or * to list all spells.
Flames lash the orc priest.
The orc priest is burned terribly!
The orc priest is severely wounded.
The orc misses you.
The orc wizard mumbles some strange words.
The orc wizard flickers and vanishes!
Deactivating autopickup; reactivate with Ctrl-A.
Casting: Scorch (safe; 4% risk of failure)
Confirm with . or Enter, or press ? or * to list all spells.
You conjure some foxfire!
The orc hits you with a +0 mace!
* * * LOW HITPOINT WARNING * * *
The orc priest hits you with a +1 short sword of speed.
You die...

,
......#....###'#......,
#....#.(............. ,
+....................
#....#...............
##.................. ,
,#.................. ,
, #...............#..
#.....v..##.....#..
#..$.@o.........#, , ,
#....ov##..... ,
.......{.......
#........#.)...
#.......##....# , ,
......... ....# , ,
......... ..... , , ,
......., ...## * ,


You could see an orc priest (combustible, ally target) and an orc (ally target).

Vanquished Creatures
  A worm (D:2)
  A dart slug (D:1)
  3 orcs (D:3)
  2 bats (D:1)
  3 endoplasms
  4 hobgoblins
  A kobold (D:1)
  3 rats (D:1)
18 creatures vanquished.

Vanquished Creatures (others)
  37 foxfires
37 creatures vanquished.

Grand Total: 55 creatures vanquished

Notes
Turn   | Place    | Note
-------+----------+-------------------------------------------
     0 | D:1      | hawla the Meteoran Fire Elementalist began the quest for
                  | the Orb.
     0 | D:1      | Reached XP level 1. HP: 14/14 MP: 5/5
   161 | D:1      | Reached XP level 2. HP: 20/20 MP: 4/7
   165 | D:1      | Learned a level 2 spell: Scorch
   177 | D:1      | Reached skill level 4 in Fire Magic
   321 | D:2      | Found a glowing silver altar of Zin.
   325 | D:2      | Reached XP level 3. HP: 26/26 MP: 3/8
   513 | D:3      | Slain by an orc priest

Illustrated notes

Levels and vault maps discovered:
D:1:      wheals_arrival_linesprint, layout_loops_corners,
          hellmonk_ecumenical_altar_inner_sanctum
D:2:      layout_basic, basic_altar, grunt_decor_one_mirror
D:3:      layout_basic, chequers_garden

Skill      XL: |  1  2 |
---------------+-------+-----
Spellcasting   | 3 |  3.5
Fire Magic     | 4 |  4.2
Dodging        | |  2.5
Stealth        | |  1.4
Conjurations   | |  1.3
Ice Magic      | |  0.5
Evocations     | |  0.5

Action                   || total
-------------------------++-------
Melee: Unarmed           ||     6
 Cast: Foxfire           ||    23
       Scorch            ||    10
  Use: Potion            ||     1
Armor: Robe              ||     4
       Steam dragon scal ||     1
Dodge: Dodged            ||    13
